 Dungeon Crawl Stone Soup version 0.24-a0-583-g87330a484a (webtiles) character file.

Game seed: 8670851182770453861, levelgen mode: deterministic

1075 Gynju the Cleaver (level 8, 0/58 HPs)
             Began as a Formicid Abyssal Knight on Aug 28, 2019.
             Was a Priest of Lugonu.
             Slain by Duvessa
             ... wielding a +0 short sword
              (11 damage)
             ... on level 6 of the Dungeon.
             The game lasted 00:20:42 (5176 turns).

Gynju the Cleaver (Formicid Abyssal Knight)         Turns: 5176, Time: 00:20:43

Health: 0/58       AC: 11    Str: 23    XL:     8   Next: 54%
Magic:  9/9        EV: 11    Int: 16    God:    Lugonu [***...]
Gold:   310        SH:  0    Dex: 10    Spells: 7/7 levels left

rFire    . . .     SeeInvis +   x - +0 war axe
rCold    . . .     Gourm    .   (no shield)
rNeg     . . .     Faith    .   w - +5 acid dragon scales of Wyfoasch {rElec rCorr Str+4 Int+4}
rPois    .         Spirit   .   (helmet unavailable)
rElec    +         Reflect  .   (no cloak)
rCorr    +         Harm     .   (no gloves)
MR       .....                  (no boots)
Stlth    +.........             (no amulet)
HPRegen  0.19/turn              (no ring)
MPRegen  0.11/turn              (no ring)

@: lethally poisoned (0 -> -29)
A: permanent stasis, dig shafts and tunnels, four strong arms, antennae 3
a: Dig, Shaft Self, Depart the Abyss, Bend Space, Banish, Renounce Religion


You were on level 6 of the Dungeon.
You worshipped Lugonu.
Lugonu was most pleased with you.
You were not hungry.

You visited 1 branch of the dungeon, and saw 6 of its levels.
You visited the Abyss 1 time.

You collected 310 gold pieces.

Inventory:

Hand Weapons
 x - a +0 war axe (weapon)
Missiles
 m - 80 bolts
Armour
 l - a +0 plate armour
 w - the +5 acid dragon scales of Wyfoasch (worn) {rElec rCorr Str+4 Int+4}
   (You found it on level 5 of the Dungeon)

   It affects your strength (+4).
   It affects your intelligence (+4).
   It insulates you from electricity.
   It provides partial protection from all sources of acid and corrosion.
Jewellery
 y - an uncursed ring of fire
 z - an uncursed ring of see invisible {unknown}
Wands
 n - a wand of acid (8)
 p - a wand of polymorph (7)
 t - a wand of random effects (16)
Scrolls
 b - 5 scrolls of immolation
 e - 4 scrolls of remove curse
 g - 2 scrolls of amnesia
 o - a scroll of noise {unknown}
 q - 6 scrolls of identify {unknown}
 r - 3 scrolls of teleportation {unknown}
 u - a scroll of fog
 v - 2 scrolls of enchant weapon {unknown}
Potions
 d - 2 potions of invisibility {unknown}
 f - 2 potions of lignification {unknown}
 h - 7 potions of curing {unknown}
 i - a potion of resistance {unknown}
 j - 4 potions of heal wounds {unknown}
 k - 2 potions of might {unknown}
 s - a potion of degeneration {unknown}
Comestibles
 a - 11 chunks of flesh
 c - 7 rations


   Skills:
 + Level 3.5 Fighting
 * Level 9.5 Axes
 + Level 2.4 Armour
 + Level 1.2 Dodging
 - Level 2.1 Invocations


You had 7 spell levels left.
You didn't know any spells.
Your spell library contained the following spells:

 Spells                   Type           Power        Failure   Level  Hunger
 Confusing Touch          Hex            #.....       30%         1    ##.....
 Confuse                  Hex            #.......     67%         3    ####...
 Gell's Gravitas          Tloc           #.........   67%         3    ####...
 Petrify                  Tmut/Erth      #.......     97%         4    #####..
 Metabolic Englaciation   Hex/Ice        #.........   100%        5    ######.
 Yara's Violent Unravell  Hex/Tmut       #.........   100%        5    ######.


Dungeon Overview and Level Annotations

Branches:
Dungeon (6/15)             Temple (0/1) D:6

Altars:
Ashenzari
Elyvilon
Fedhas
Qazlal
Sif Muna

Shops:
D:5 ?   D:6 :

Annotations:
D:6 Duvessa


Innate Abilities, Weirdness & Mutations

You cannot be hasted, slowed, berserked, paralysed or teleported.
You can dig through walls and to a lower floor.
Your four strong arms can wield two-handed weapons with a shield.
You have a pair of large antennae on your head. (SInv)


Message History

Dowan hits you but does no damage.
You are more poisoned.
Duvessa hits you but does no damage.
You completely miss Duvessa.
Duvessa is severely wounded.
You slash Dowan!
You kill Dowan!
Lugonu accepts your kill.
Duvessa screams, "No!
How DARE you!"
Duvessa goes berserk!
* * * LOW HITPOINT WARNING * * *
You feel very sick. Duvessa hits you with a +0 short sword.
* * * LOW HITPOINT WARNING * * *
You completely miss Duvessa.
Duvessa is severely wounded.
* * * LOW HITPOINT WARNING * * *
You feel very sick. Duvessa hits you with a +0 short sword!
You die...

##...........
#...........
#.....#.#[..
##....#...## #
###.....##. #.
##...8.8.8 #####.#####
#.....⌠.⌠. ......e...#
#...#8.∩.8 .......@..#
#...#.⌠.⌠.
.......)..#####....8.8.8
........%............(..
....(.....#####.#.......
..........# #.##......
..........# #.##......
########### ##.##......
######..##.#####
##...........##


You could see Duvessa (berserk).

Vanquished Creatures
  Grinder (D:5)
  Sigmund (D:3)
  Eustachio (D:5)
  An ogre (D:6)
  A centaur (D:6)
  Dowan (D:6)
  A crimson imp (D:6)
  A bullfrog skeleton (D:6)
  2 orc priests
  An iguana (D:4)
  Jessica (D:3)
  A hound skeleton (D:5)
  6 adders
  An adder skeleton (D:4)
  3 dart slugs
  4 worms
  2 leopard geckos
  13 orcs
  9 bats
  5 giant cockroaches
  9 goblins
  12 hobgoblins
  2 jackals (D:2)
  A quokka (D:3)
  2 ball pythons (D:1)
  6 frilled lizards
  13 kobolds
  A quokka skeleton (D:6)
  10 rats
112 creatures vanquished.

Notes
Turn   | Place    | Note
-------+----------+-------------------------------------------
     0 | Abyss:1  | Gynju the Formicid Abyssal Knight began the quest for the
                  | Orb.
     0 | Abyss:1  | Reached XP level 1. HP: 18/18 MP: 2/2
    16 | D:1      | Escaped the Abyss
   283 | D:1      | Reached XP level 2. HP: 17/24 MP: 3/3
   498 | D:1      | Reached skill level 3 in Axes
   672 | D:1      | Reached XP level 3. HP: 27/29 MP: 4/4
   732 | D:1      | Reached ** piety under Lugonu
  1282 | D:2      | Found a shimmering blue altar of Sif Muna.
  1354 | D:2      | Found a blossoming altar of Fedhas.
  1369 | D:2      | Reached skill level 4 in Axes
  1369 | D:2      | Reached XP level 4. HP: 35/35 MP: 5/5
  1980 | D:3      | Reached XP level 5. HP: 41/41 MP: 6/6
  2094 | D:3      | Reached skill level 5 in Axes
  2172 | D:3      | Noticed Jessica
  2177 | D:3      | Reached *** piety under Lugonu
  2184 | D:3      | Killed Jessica
  2534 | D:3      | Noticed Sigmund
  2597 | D:3      | HP: 1/41 [Sigmund/+2 vampiric scythe (3)]
  2602 | D:3      | Killed Sigmund
  2602 | D:3      | Reached skill level 6 in Axes
  2602 | D:3      | Reached XP level 6. HP: 2/47 MP: 7/7
  2901 | D:3      | Found a stormy altar of Qazlal.
  3265 | D:4      | Found a stormy altar of Qazlal.
  3305 | D:4      | Reached skill level 7 in Axes
  3305 | D:4      | Reached XP level 7. HP: 20/52 MP: 8/8
  3676 | D:4      | Found a shattered altar of Ashenzari.
  3731 | D:4      | Found a glowing drain.
  3791 | D:5      | Entered Level 5 of the Dungeon
  3803 | D:5      | Noticed Eustachio
  3999 | D:5      | Killed Eustachio
  4144 | D:5      | Found a white marble altar of Elyvilon.
  4167 | D:5      | Noticed Grinder
  4183 | D:5      | Killed Grinder
  4183 | D:5      | Reached skill level 8 in Axes
  4183 | D:5      | Reached XP level 8. HP: 48/58 MP: 9/9
  4313 | D:5      | Found Malorimp's Magic Scroll Shop.
  4444 | D:5      | Got scorched acid dragon scales
  4455 | D:5      | Identified the +5 acid dragon scales of Wyfoasch {rElec
                  | rCorr Str+4 Int+4} (You found it on level 5 of the Dungeon)
  4835 | D:6      | Reached skill level 9 in Axes
  5017 | D:6      | Reached skill level 1 in Dodging
  5038 | D:6      | Found Beahaatu's Book Boutique.
  5088 | D:6      | Found a staircase to the Ecumenical Temple.
  5163 | D:6      | Noticed Duvessa
  5163 | D:6      | Noticed Dowan
  5175 | D:6      | Killed Dowan
  5176 | D:6      | Slain by Duvessa

Levels and vault maps discovered:
D:1:      wander_arrival_desolate, layout_basic
D:2:      layout_basic, old_standard_altar, lemuel_blue_sif_altar, first_ration
D:3:      layout_basic, lemuel_coloured_pillars_altar, hangedman_decor_push,
          uniq_sigmund, uniq_jessica
D:4:      layout_rooms, cheibrodos_ashenzari_chains,
          cheibrodos_sewer_entry_drain, nicolae_qazlal_general_emergency
D:5:      layout_loops_ring, elyvilon_altar_5, serial_shops, nicolae_shop_stone,
          uniq_grinder, uniq_eustachio
D:6:      layout_rooms, nicolae_overflow_hidden_temple, temple_fountains,
          serial_shops, nicolae_shop_temple_entry_statues_fountains,
          minmay_misc_feat_enclosed, minivault_22, uniq_duvessa

Skill      XL: |  1  2  3  4  5  6  7  8 |
---------------+-------------------------+-----
Axes           | 3 4 6 7 8 9 |  9.5
Dodging        | 1 |  1.2
Fighting       | |  3.5
Armour         | |  2.4
Invocations    | |  2.1

Action                   |  1- 3 |  4- 6 |  7- 9 || total
-------------------------+-------+-------+-------++-------
Melee: Hand axe          |   101 |   150 |    25 ||   276
       Scythe            |       |    27 |    59 ||    86
       War axe           |       |       |    45 ||    45
  Use: Scroll            |       |     5 |       ||     5
  Eat: Chunk             |     1 |     7 |     6 ||    14
Armor: Leather armour    |     6 |       |       ||     6
       Chain mail        |    38 |       |       ||    38
       Plate armour      |    19 |   134 |   108 ||   261
       Acid dragon scale |       |       |    25 ||    25
Dodge: Dodged            |    47 |    55 |    83 ||   185

Table legend:
 A = Non-vault XP
 B = Vault XP
 C = Vault XP percentage of total XP
 D = Non-vault monster count
 E = Vault monster count
 F = Vault count percentage of total count
                 A         B        C        D         E       F
            +---------+---------+-------+---------+---------+-------
      Total |     725 |     811 |  52.8 |     106 |       6 |   5.4
            +---------+---------+-------+---------+---------+-------
        D:1 |      49 |       0 |   0.0 |      28 |       0 |   0.0
        D:2 |      79 |       0 |   0.0 |      25 |       0 |   0.0
        D:3 |      68 |     262 |  79.4 |      26 |       3 |  10.3
        D:4 |     106 |       0 |   0.0 |       9 |       0 |   0.0
        D:5 |      18 |     483 |  96.4 |       1 |       2 |  66.7
        D:6 |     405 |      66 |  14.0 |      17 |       1 |   5.6
            +---------+---------+-------+---------+---------+-------
